![]() |
![]() |
![]() |
html PUBLIC "-//W3C//DTD XHTML 1.0 Transitional//EN" "http://www.w3.org/TR/xhtml1/DTD/xhtml1-transitional.dtd">
EDMONTON ICE vs REGINA FALCONSCreated - 8 octobre 2025 at 22:08
1st period
No Goal
Penalties :
Filip Hronek (REG) for Tripping (Minor) at 7:17, Matt Kiersted (REG) for Interference (Minor) at 18:15
2nd period
1. EDMONTON ICE , Conor Garland 1 (Jack Eichel 1, Alex Tuch 1) at 6:16
2. EDMONTON ICE , Jack Eichel 1 (Alex Tuch 2, Timo Meier 1) at 14:46 (PP) Penalties :
Shayne Gostisbehere (EDM) for Hooking (Minor) at 8:18, Juuso Valimaki (REG) for Holding (Minor) at 14:30, Darnell Nurse (EDM) for Hooking (Minor) at 16:33
3rd period
3. EDMONTON ICE , Anton Lundell 1 (Eeli Tolvanen 1, Connor Clifton 1) at 1:45
4. EDMONTON ICE , Shayne Gostisbehere 1 (Jack Eichel 2, Alex Tuch 3) at 3:47 5. EDMONTON ICE , Jack Eichel 2 (Alex Tuch 4, Shayne Gostisbehere 1) at 4:25 6. EDMONTON ICE , Ryan O'Reilly 1 (Timo Meier 2, Darnell Nurse 1) at 7:23 7. EDMONTON ICE , Alex Tuch 1 (Conor Garland 1, Jack Eichel 3) at 7:31 8. EDMONTON ICE , Timo Meier 1 (Nic Dowd 1) at 13:04 Penalties :
Jan Rutta (REG) for Interference (Minor) at 3:21, Eeli Tolvanen (EDM) for Hooking (Minor) at 3:21, Darnell Nurse (EDM) for High sticking (Minor) at 18:32
Goalie StatsJordan Binnington (EDM), 26 saves from 26 shots - (1,000), W, 1-0-0, 60:00 minutes
Elvis Merzlikins (REG), 35 saves from 42 shots - (0,833), L, 0-1-0, 47:31 minutes
Chris Driedger (REG), 4 saves from 5 shots - (0,800), 12:29 minutes Players Stats for EDMONTON ICEPlayer Name G A P +/- PIM S H SB GA TA FO MP PP MP PK MP ------------------------------------------------------------------------------------ Alex Tuch 1 4 5 4 0 10 2 0 0 0 1/2 22:04 2:36 0:03 Anton Lundell 1 0 1 1 0 8 0 0 0 0 15/23 13:24 1:38 0:00 Cameron York 0 0 0 2 0 0 5 2 0 0 0/0 21:25 0:00 3:08 Connor Clifton 0 1 1 1 0 1 1 1 0 0 0/0 13:07 0:00 2:41 Conor Garland 1 1 2 2 0 3 1 0 0 0 1/1 19:14 1:38 0:00 Darnell Nurse 0 1 1 4 4 0 3 0 0 0 0/0 25:45 2:43 0:56 Eeli Tolvanen 0 1 1 1 2 3 2 0 0 0 0/0 14:31 0:00 2:56 Evgeny Dadonov 0 0 0 1 0 0 0 0 0 0 1/2 17:43 1:38 0:00 Jack Eichel 2 3 5 4 0 7 1 0 0 0 24/33 22:01 2:36 0:00 Jonas Brodin 0 0 0 2 0 0 1 2 0 0 0/0 19:46 1:31 0:28 Jordan Spence 0 0 0 1 0 0 0 0 0 0 0/0 5:41 1:31 1:04 Mackie Samoskevich 0 0 0 1 0 0 1 0 0 0 0/1 3:05 0:00 0:00 Nic Dowd 0 1 1 1 0 1 0 0 0 0 4/5 5:34 0:00 2:29 Nino Niederreiter 0 0 0 1 0 2 0 0 0 0 1/1 14:05 0:00 2:29 Ryan O'Reilly 1 0 1 1 0 3 0 0 0 0 20/27 18:58 0:00 2:53 Shayne Gostisbehere 1 1 2 3 2 2 0 0 0 0 0/0 21:44 2:43 0:00 Timo Meier 1 2 3 2 0 6 1 0 0 0 1/1 21:56 2:36 0:00 Zach Whitecloud 0 0 0 1 0 1 0 0 0 0 0/0 12:29 0:00 2:33 Players Stats for REGINA FALCONSPlayer Name G A P +/- PIM S H SB GA TA FO MP PP MP PK MP ------------------------------------------------------------------------------------ Adam Fantilli 0 0 0 -1 0 3 2 2 0 0 5/16 12:56 0:00 0:00 Alex Iafallo 0 0 0 -1 0 1 1 2 0 0 0/6 18:31 2:37 1:39 Andre Burakovsky 0 0 0 -4 0 2 0 0 0 0 0/0 18:05 2:00 2:35 Filip Hronek 0 0 0 -4 2 1 3 1 0 0 0/0 26:25 2:49 1:53 Ivan Demidov 0 0 0 -1 0 0 0 0 0 0 1/1 9:40 0:00 0:00 Jack Roslovic 0 0 0 -1 0 0 1 0 0 0 0/0 13:20 0:24 0:00 Jacob Gaucher 0 0 0 -1 0 1 0 0 0 0 6/14 9:40 0:00 0:00 Jan Rutta 0 0 0 -1 2 0 3 2 0 0 0/0 18:09 2:12 2:00 Juuso Valimaki 0 0 0 -2 2 2 1 4 0 0 0/0 18:28 2:36 1:14 Leo Carlsson 0 0 0 -1 0 4 2 0 0 0 4/5 16:07 3:11 0:00 Matt Kiersted 0 0 0 -1 2 0 2 2 0 0 0/0 14:52 0:00 0:19 Max Jones 0 0 0 -1 0 1 0 0 0 0 1/2 9:43 0:03 0:00 Nils Hoglander 0 0 0 -2 0 4 2 0 0 0 1/5 17:41 2:21 1:39 Pierre-Olivier Joseph 0 0 0 -2 0 0 2 0 0 0 0/0 14:52 0:24 0:25 Ryker Evans 0 0 0 -4 0 0 2 2 0 0 0/0 27:10 2:49 2:37 Tanner Pearson 0 0 0 -1 0 2 0 0 0 0 0/1 16:04 2:54 0:00 Viktor Arvidsson 0 0 0 -1 0 2 1 2 0 0 3/14 13:10 0:00 0:00 William Eklund 0 0 0 -4 0 3 1 2 0 0 7/32 18:50 2:45 2:35 3 Stars
1 - Jack Eichel (EDM)
2 - Alex Tuch (EDM) 3 - Timo Meier (EDM) Power PlayEDMONTON ICE - 1 on 3 Attempt(s) - 33,33%
REGINA FALCONS - 0 on 3 Attempt(s) - 0,00%
Penalty KillEDMONTON ICE - 3 on 3 Attempt(s) - 100,00%
- Score 0 goal in Penalty Kill
REGINA FALCONS - 2 on 3 Attempt(s) - 66,67%
- Score 0 goal in Penalty Kill
Team StatEDMONTON ICE - Hits : 18 - Faceoff Wins : 68 - Blocked Shots : 5 - Penalty Minutes : 8
REGINA FALCONS - Hits : 23 - Faceoff Wins : 28 - Blocked Shots : 19 - Penalty Minutes : 8
Official
Referees : Dan O'Halloran and Frederick L'Ecuyer
Linesman : Jesse Marquis and Glen Cooke Game Notes
Chris Driedger enters game at 7:31 of 3rd period
FinanceLevel 1 -- Attendance: 4026 (67,10%) -- Ticket Income 946 110 $Level 2 -- Attendance: 3116 (62,32%) -- Ticket Income 560 880 $ Level 3 -- Attendance: 1368 (68,40%) -- Ticket Income 191 520 $ Level 4 -- Attendance: 3221 (80,53%) -- Ticket Income 289 890 $ Luxury Box -- Attendance: 1000 (100,00%) -- Ticket Income 220 000 $ Game was played at the Larouche Arena. Total Attendance: 12731 (70,73%) Total Ticket Income: 2 208 400 $ Other Expense: 22 084 $ Total Income: 2 186 316 $ EDMONTON ICE5 vs 5 Forward Center Left Wing Right Wing Time % Phy DF OF 1 Jack Eichel Conor Garland Alex Tuch 36 1 1 3 2 Ryan O'Reilly Timo Meier Evgeny Dadonov 33 1 2 2 3 Anton Lundell Nino Niederreiter Eeli Tolvanen 24 1 3 1 4 Nic Dowd Timo Meier Mackie Samoskevich 7 1 3 1 5 vs 5 Defense Defense Defense Time % Phy DF OF 1 Shayne Gostisbehere Darnell Nurse 37 1 2 2 2 Jonas Brodin Cameron York 36 1 2 2 3 Connor Clifton Zach Whitecloud 17 1 4 0 4 Jordan Spence Darnell Nurse 10 1 3 1 PowerPlay Forward Center Left Wing Right Wing Time % Phy DF OF 1 Jack Eichel Timo Meier Alex Tuch 58 0 0 5 2 Anton Lundell Evgeny Dadonov Conor Garland 42 0 2 3 PowerPlay Defense Defense Defense Time % Phy DF OF 1 Shayne Gostisbehere Darnell Nurse 55 0 1 4 2 Jordan Spence Jonas Brodin 45 0 2 3 Penalty Kill 4 Players Forward Center Wing Time % Phy DF OF 1 Ryan O'Reilly Eeli Tolvanen 55 0 4 1 2 Nic Dowd Nino Niederreiter 45 0 5 0 Penalty Kill 4 Players Defense Defense Defense Time % Phy DF OF 1 Darnell Nurse Cameron York 55 0 5 0 2 Zach Whitecloud Connor Clifton 45 0 5 0 Penalty Kill - 3 Players Forward Forward Time % Phy DF OF 1 Ryan O'Reilly 55 0 5 0 2 Nic Dowd 45 0 5 0 Penalty Kill - 3 Players Defense Defense Defense Time % Phy DF OF 1 Cameron York Connor Clifton 55 0 5 0 2 Zach Whitecloud Darnell Nurse 45 0 5 0 4 vs 4 Forward Center Wing Time % Phy DF OF 1 Jack Eichel Alex Tuch 55 1 2 2 2 Anton Lundell Timo Meier 45 1 2 2 4 vs 4 Defense Defense Defense Time % Phy DF OF 1 Shayne Gostisbehere Darnell Nurse 55 1 2 2 2 Cameron York Connor Clifton 45 1 2 2 Last Minutes Offensive Center Left Wing Right Wing Defense Defense Jack Eichel Timo Meier Alex Tuch Darnell Nurse Shayne Gostisbehere Last Minutes Defensive Center Left Wing Right Wing Defense Defense Ryan O'Reilly Conor Garland Alex Tuch Connor Clifton Jonas Brodin Goaltenders Starting : Jordan Binnington Backup : Jake Allen Extra Forwards Normal : Alex Tuch, Timo Meier, Anton Lundell - PP : Ryan O'Reilly, Eeli Tolvanen - PK : Alex Tuch Extra Defensemen Normal : Shayne Gostisbehere, Jonas Brodin, Cameron York - PP : Darnell Nurse - PK : Zach Whitecloud, Darnell Nurse Penalty Shots Jack Eichel, Alex Tuch, Timo Meier, Anton Lundell, Ryan O'Reilly Custom OT Lines Forwards Jack Eichel, Alex Tuch, Ryan O'Reilly, Timo Meier, Conor Garland, Anton Lundell, Evgeny Dadonov, Eeli Tolvanen, Nino Niederreiter, Mackie Samoskevich Custom OT Lines Defensemen Darnell Nurse, Shayne Gostisbehere, Cameron York, Jordan Spence, Jonas Brodin Scratches None REGINA FALCONS5 vs 5 Forward Center Left Wing Right Wing Time % Phy DF OF 1 William Eklund Andre Burakovsky Nils Hoglander 28 1 2 2 2 Viktor Arvidsson Alex Iafallo Tanner Pearson 27 1 2 2 3 Adam Fantilli Jack Roslovic Leo Carlsson 27 1 2 2 4 Jacob Gaucher Ivan Demidov Max Jones 18 1 2 2 5 vs 5 Defense Defense Defense Time % Phy DF OF 1 Ryker Evans Filip Hronek 28 2 3 0 2 Jan Rutta Matt Kiersted 27 2 3 0 3 Juuso Valimaki Pierre-Olivier Joseph 27 2 3 0 4 Ryker Evans Filip Hronek 18 2 3 0 PowerPlay Forward Center Left Wing Right Wing Time % Phy DF OF 1 William Eklund Tanner Pearson Nils Hoglander 50 1 2 2 2 Leo Carlsson Alex Iafallo Andre Burakovsky 50 1 2 2 PowerPlay Defense Defense Defense Time % Phy DF OF 1 Ryker Evans Filip Hronek 50 1 2 2 2 Jan Rutta Juuso Valimaki 50 1 2 2 Penalty Kill 4 Players Forward Center Wing Time % Phy DF OF 1 William Eklund Andre Burakovsky 55 1 2 2 2 Nils Hoglander Alex Iafallo 45 1 2 2 Penalty Kill 4 Players Defense Defense Defense Time % Phy DF OF 1 Ryker Evans Filip Hronek 55 1 2 2 2 Matt Kiersted Jan Rutta 45 1 2 2 Penalty Kill - 3 Players Forward Forward Time % Phy DF OF 1 Andre Burakovsky 55 1 2 2 2 Nils Hoglander 45 1 2 2 Penalty Kill - 3 Players Defense Defense Defense Time % Phy DF OF 1 Ryker Evans Filip Hronek 55 1 2 2 2 Pierre-Olivier Joseph Jan Rutta 45 1 2 2 4 vs 4 Forward Center Wing Time % Phy DF OF 1 William Eklund Andre Burakovsky 50 1 2 2 2 Alex Iafallo Nils Hoglander 50 1 2 2 4 vs 4 Defense Defense Defense Time % Phy DF OF 1 Ryker Evans Filip Hronek 60 1 2 2 2 Juuso Valimaki Matt Kiersted 40 1 2 2 Last Minutes Offensive Center Left Wing Right Wing Defense Defense William Eklund Andre Burakovsky Nils Hoglander Ryker Evans Filip Hronek Last Minutes Defensive Center Left Wing Right Wing Defense Defense William Eklund Andre Burakovsky Nils Hoglander Ryker Evans Filip Hronek Goaltenders Starting : Elvis Merzlikins Backup : Chris Driedger Extra Forwards Normal : William Eklund, Tanner Pearson, Andre Burakovsky - PP : Andre Burakovsky, Tanner Pearson - PK : William Eklund Extra Defensemen Normal : Pierre-Olivier Joseph, Ryker Evans, Filip Hronek - PP : Ryker Evans - PK : Ryker Evans, Filip Hronek Penalty Shots William Eklund, Leo Carlsson, Alex Iafallo, Andre Burakovsky, Nils Hoglander Custom OT Lines Forwards William Eklund, Leo Carlsson, Alex Iafallo, Adam Fantilli, Viktor Arvidsson, Andre Burakovsky, Tanner Pearson, Nils Hoglander, Jack Roslovic, Jacob Gaucher Custom OT Lines Defensemen Ryker Evans, Filip Hronek, Matt Kiersted, Juuso Valimaki, Pierre-Olivier Joseph Scratches Braeden Bowman (Healthy), Mathias Emilio Pettersen (Healthy), Scott Morrow (Healthy), Zayne Parekh (Healthy), Pavol Regenda (Healthy)
Play-by-Play1st period0:01 of 1st period - Jack Eichel wins face-off versus William Eklund in neutral zone. 0:08 of 1st period - Shot by William Eklund. 0:08 of 1st period - Stopped by Jordan Binnington without a rebound. 0:09 of 1st period - Ryan O'Reilly wins face-off versus Viktor Arvidsson in EDMONTON ICE zone. 0:16 of 1st period - Shot by Evgeny Dadonov. 0:16 of 1st period - Shot Blocked by Jan Rutta. 0:31 of 1st period - Timo Meier is hit by Matt Kiersted and loses puck. 0:37 of 1st period - Off-side. 0:38 of 1st period - Adam Fantilli wins face-off versus Anton Lundell in neutral zone. 0:41 of 1st period - Zach Whitecloud is hit by Adam Fantilli and loses puck. 0:51 of 1st period - Shot by Adam Fantilli. 0:51 of 1st period - Stopped by Jordan Binnington without a rebound. 0:52 of 1st period - Jacob Gaucher wins face-off versus Jack Eichel in EDMONTON ICE zone. 0:59 of 1st period - Shot by Max Jones. 0:59 of 1st period - Stopped by Jordan Binnington without a rebound. 1:00 of 1st period - Jack Eichel wins face-off versus Nils Hoglander in EDMONTON ICE zone. 1:00 of 1st period - Jack Eichel is hit by William Eklund. 2:05 of 1st period - Shot by Adam Fantilli. 2:05 of 1st period - Shot Blocked by Jonas Brodin. 2:07 of 1st period - Shot by Leo Carlsson. 2:07 of 1st period - Stopped by Jordan Binnington without a rebound. 2:08 of 1st period - Jacob Gaucher wins face-off versus Ryan O'Reilly in EDMONTON ICE zone. 2:45 of 1st period - Shot by Timo Meier. 2:45 of 1st period - Shot Misses the Net. 2:47 of 1st period - Shot by Timo Meier. 2:47 of 1st period - Shot Blocked by Matt Kiersted. 2:49 of 1st period - Shot by Zach Whitecloud. 2:49 of 1st period - Stopped by Elvis Merzlikins without a rebound. 2:50 of 1st period - Anton Lundell wins face-off versus Viktor Arvidsson in REGINA FALCONS zone. 3:03 of 1st period - Shot by Anton Lundell. 3:03 of 1st period - Shot Misses the Net. 3:05 of 1st period - Shot by Anton Lundell. 3:05 of 1st period - Stopped by Elvis Merzlikins without a rebound. 3:06 of 1st period - Jack Eichel wins face-off versus Adam Fantilli in REGINA FALCONS zone. 3:09 of 1st period - Shot by Conor Garland. 3:09 of 1st period - Shot Blocked by Juuso Valimaki. 3:17 of 1st period - Jonas Brodin is hit by Jack Roslovic and loses puck. 3:23 of 1st period - Adam Fantilli is hit by Cameron York and loses puck. 4:08 of 1st period - Shot by Tanner Pearson. 4:08 of 1st period - Deflect By Alex Iafallo. 4:08 of 1st period - Stopped by Jordan Binnington with a rebound. 4:10 of 1st period - Shot by Alex Iafallo. 4:10 of 1st period - Deflect By Tanner Pearson. 4:10 of 1st period - Shot Misses the Net. 4:12 of 1st period - Shot by Filip Hronek. 4:12 of 1st period - Shot Blocked by Cameron York. 4:23 of 1st period - Alex Iafallo is hit by Jonas Brodin and loses puck. 5:00 of 1st period - Shot by Nino Niederreiter. 5:00 of 1st period - Shot Misses the Net. 5:20 of 1st period - Shot by Nils Hoglander. 5:20 of 1st period - Shot Misses the Net. 5:30 of 1st period - Shot by Anton Lundell. 5:30 of 1st period - Stopped by Elvis Merzlikins with a rebound. 5:32 of 1st period - Shot by Eeli Tolvanen. 5:32 of 1st period - Shot Misses the Net. 5:34 of 1st period - Shot by Shayne Gostisbehere. 5:34 of 1st period - Deflect By Anton Lundell. 5:34 of 1st period - Shot Blocked by Jan Rutta. 5:36 of 1st period - Shot by Eeli Tolvanen. 5:36 of 1st period - Shot Misses the Net. 5:49 of 1st period - Timo Meier is hit by Jan Rutta. 5:52 of 1st period - Icing by Jan Rutta. 5:53 of 1st period - Nic Dowd wins face-off versus William Eklund in REGINA FALCONS zone. 6:12 of 1st period - Nic Dowd is hit by Leo Carlsson and loses puck. 6:23 of 1st period - Shot by Adam Fantilli. 6:23 of 1st period - Shot Blocked by Connor Clifton. 6:41 of 1st period - Shot by Adam Fantilli. 6:41 of 1st period - Stopped by Jordan Binnington without a rebound. 6:42 of 1st period - Jacob Gaucher wins face-off versus Anton Lundell in EDMONTON ICE zone. 6:52 of 1st period - Icing by Shayne Gostisbehere. 6:53 of 1st period - Anton Lundell wins face-off versus Viktor Arvidsson in EDMONTON ICE zone. 7:08 of 1st period - Shot by Shayne Gostisbehere. 7:08 of 1st period - Shot Blocked by Juuso Valimaki. 7:10 of 1st period - Shot by Darnell Nurse. 7:10 of 1st period - Shot Misses the Net. 7:12 of 1st period - Shot by Darnell Nurse. 7:12 of 1st period - Shot Blocked by Alex Iafallo. 7:14 of 1st period - Shot by Anton Lundell. 7:14 of 1st period - Shot Blocked by Viktor Arvidsson. 7:16 of 1st period - Shot by Eeli Tolvanen. 7:16 of 1st period - Deflect By Anton Lundell. 7:16 of 1st period - Stopped by Elvis Merzlikins without a rebound. 7:17 of 1st period - Ryan O'Reilly wins face-off versus Jacob Gaucher in REGINA FALCONS zone. 7:17 of 1st period - Minor Penalty to Filip Hronek for Tripping. 7:18 of 1st period - Jack Eichel wins face-off versus William Eklund in REGINA FALCONS zone. 7:37 of 1st period - Shot by Jack Eichel. 7:37 of 1st period - Stopped by Elvis Merzlikins without a rebound. 7:38 of 1st period - Nils Hoglander wins face-off versus Anton Lundell in REGINA FALCONS zone. 8:05 of 1st period - Shot by Anton Lundell. 8:05 of 1st period - Stopped by Elvis Merzlikins without a rebound. 8:06 of 1st period - William Eklund wins face-off versus Jack Eichel in REGINA FALCONS zone. 8:41 of 1st period - Shot by Timo Meier. 8:41 of 1st period - Stopped by Elvis Merzlikins without a rebound. 8:42 of 1st period - Conor Garland wins face-off versus Nils Hoglander in REGINA FALCONS zone. 8:43 of 1st period - Shot by Darnell Nurse. 8:43 of 1st period - Shot Hit the Post. 9:36 of 1st period - Shot by Timo Meier. 9:36 of 1st period - Shot Misses the Net. 9:43 of 1st period - Timo Meier is hit by Filip Hronek and loses puck. 11:09 of 1st period - Shot by Leo Carlsson. 11:09 of 1st period - Stopped by Jordan Binnington without a rebound. 11:10 of 1st period - Timo Meier wins face-off versus William Eklund in EDMONTON ICE zone. 11:47 of 1st period - Shot by Andre Burakovsky. 11:47 of 1st period - Stopped by Jordan Binnington with a rebound. 11:59 of 1st period - Shot by Adam Fantilli. 11:59 of 1st period - Stopped by Jordan Binnington with a rebound. 12:06 of 1st period - Icing by Darnell Nurse. 12:07 of 1st period - Ryan O'Reilly wins face-off versus Alex Iafallo in EDMONTON ICE zone. 12:07 of 1st period - Ryan O'Reilly is hit by Viktor Arvidsson. 12:35 of 1st period - Shot by Anton Lundell. 12:35 of 1st period - Shot Blocked by Viktor Arvidsson. 12:37 of 1st period - Shot by Anton Lundell. 12:37 of 1st period - Shot Blocked by Juuso Valimaki. 12:39 of 1st period - Shot by Eeli Tolvanen. 12:39 of 1st period - Stopped by Elvis Merzlikins without a rebound. 12:40 of 1st period - Jack Eichel wins face-off versus Adam Fantilli in REGINA FALCONS zone. 12:54 of 1st period - Icing by Ryker Evans. 12:55 of 1st period - Anton Lundell wins face-off versus Adam Fantilli in REGINA FALCONS zone. 13:22 of 1st period - Icing by Anton Lundell. 13:23 of 1st period - William Eklund wins face-off versus Anton Lundell in EDMONTON ICE zone. 13:24 of 1st period - Shot by Nils Hoglander. 13:24 of 1st period - Stopped by Jordan Binnington with a rebound. 13:26 of 1st period - Shot by Juuso Valimaki. 13:26 of 1st period - Stopped by Jordan Binnington without a rebound. 13:27 of 1st period - Ryan O'Reilly wins face-off versus Nils Hoglander in EDMONTON ICE zone. 13:39 of 1st period - Off-side. 13:40 of 1st period - Jack Eichel wins face-off versus Jacob Gaucher in neutral zone. 14:16 of 1st period - Shot by Jacob Gaucher. 14:16 of 1st period - Stopped by Jordan Binnington without a rebound. 14:17 of 1st period - Ryan O'Reilly wins face-off versus Viktor Arvidsson in EDMONTON ICE zone. 15:44 of 1st period - Shot by Nino Niederreiter. 15:44 of 1st period - Shot Misses the Net. 16:04 of 1st period - Shot by Andre Burakovsky. 16:04 of 1st period - Shot Misses the Net. 16:06 of 1st period - Shot by Juuso Valimaki. 16:06 of 1st period - Stopped by Jordan Binnington with a rebound. 16:08 of 1st period - Shot by William Eklund. 16:08 of 1st period - Shot Misses the Net. 16:10 of 1st period - Shot by William Eklund. 16:10 of 1st period - Shot Misses the Net. 16:12 of 1st period - Shot by Nils Hoglander. 16:12 of 1st period - Stopped by Jordan Binnington without a rebound. 16:13 of 1st period - Jack Eichel wins face-off versus Adam Fantilli in EDMONTON ICE zone. 17:38 of 1st period - Shot by Shayne Gostisbehere. 17:38 of 1st period - Stopped by Elvis Merzlikins without a rebound. 17:39 of 1st period - Jacob Gaucher wins face-off versus Mackie Samoskevich in REGINA FALCONS zone. 17:46 of 1st period - Shot by Nic Dowd. 17:46 of 1st period - Stopped by Elvis Merzlikins without a rebound. 17:47 of 1st period - Anton Lundell wins face-off versus Jacob Gaucher in REGINA FALCONS zone. 18:15 of 1st period - Minor Penalty to Matt Kiersted for Interference. 18:16 of 1st period - William Eklund wins face-off versus Alex Tuch in REGINA FALCONS zone. 19:58 of 1st period - Juuso Valimaki is hit by Conor Garland. Goals for this period are 0 for EDMONTON ICE vs 0 for REGINA FALCONS. Shots for this period are 10 for EDMONTON ICE vs 14 for REGINA FALCONS. 2nd period0:01 of 2nd period - Jack Eichel wins face-off versus William Eklund in neutral zone. 0:04 of 2nd period - Shot by Alex Tuch. 0:04 of 2nd period - Stopped by Elvis Merzlikins without a rebound. 0:05 of 2nd period - Jack Eichel wins face-off versus William Eklund in REGINA FALCONS zone. 0:10 of 2nd period - Shot by Timo Meier. 0:10 of 2nd period - Stopped by Elvis Merzlikins with a rebound. 0:12 of 2nd period - Shot by Alex Tuch. 0:12 of 2nd period - Shot Misses the Net. 0:14 of 2nd period - Shot by Jack Eichel. 0:14 of 2nd period - Stopped by Elvis Merzlikins without a rebound. 0:15 of 2nd period - Ryan O'Reilly wins face-off versus Adam Fantilli in REGINA FALCONS zone. 0:18 of 2nd period - Shot by Ryan O'Reilly. 0:18 of 2nd period - Shot Misses the Net. 0:39 of 2nd period - Ryan O'Reilly is hit by Filip Hronek and loses puck. 0:47 of 2nd period - Evgeny Dadonov is hit by Ryker Evans. 0:56 of 2nd period - Timo Meier is hit by Filip Hronek and loses puck. 1:17 of 2nd period - Shot by Alex Tuch. 1:17 of 2nd period - Shot Misses the Net. 1:19 of 2nd period - Shot by Jack Eichel. 1:19 of 2nd period - Shot Misses the Net. 1:27 of 2nd period - Shot by Jack Eichel. 1:27 of 2nd period - Shot Misses the Net. 1:31 of 2nd period - Shot by Alex Tuch. 1:31 of 2nd period - Shot Misses the Net. 2:14 of 2nd period - Shot by Anton Lundell. 2:14 of 2nd period - Shot Blocked by Adam Fantilli. 2:58 of 2nd period - Shot by Timo Meier. 2:58 of 2nd period - Shot Misses the Net. 3:23 of 2nd period - Nils Hoglander is hit by Mackie Samoskevich and loses puck. 3:57 of 2nd period - Tanner Pearson is hit by Cameron York and loses puck. 4:16 of 2nd period - Shot by Jack Eichel. 4:16 of 2nd period - Shot Misses the Net. 4:25 of 2nd period - Shot by Jack Eichel. 4:25 of 2nd period - Stopped by Elvis Merzlikins without a rebound. 4:26 of 2nd period - Max Jones wins face-off versus Anton Lundell in REGINA FALCONS zone. 4:26 of 2nd period - Max Jones is hit by Eeli Tolvanen. 4:49 of 2nd period - Icing by Juuso Valimaki. 4:50 of 2nd period - Ryan O'Reilly wins face-off versus Jacob Gaucher in REGINA FALCONS zone. 5:31 of 2nd period - Shot by Evgeny Dadonov. 5:31 of 2nd period - Shot Misses the Net. 5:44 of 2nd period - Icing by Ivan Demidov. 5:45 of 2nd period - Jack Eichel wins face-off versus Jacob Gaucher in REGINA FALCONS zone. 6:00 of 2nd period - Shot by Conor Garland. 6:00 of 2nd period - Shot Misses the Net. 6:02 of 2nd period - Shot by Jack Eichel. 6:02 of 2nd period - Deflect By Alex Tuch. 6:02 of 2nd period - Shot Misses the Net. 6:16 of 2nd period - Shot by Conor Garland. 6:16 of 2nd period - Goal by Conor Garland - EDMONTON ICE : 1 - REGINA FALCONS : 0. 6:17 of 2nd period - Anton Lundell wins face-off versus William Eklund in neutral zone. 6:23 of 2nd period - Icing by Connor Clifton. 6:24 of 2nd period - Anton Lundell wins face-off versus William Eklund in EDMONTON ICE zone. 6:26 of 2nd period - Icing by Nino Niederreiter. 6:27 of 2nd period - Anton Lundell wins face-off versus William Eklund in EDMONTON ICE zone. 6:27 of 2nd period - Anton Lundell is hit by Nils Hoglander. 6:48 of 2nd period - Shot by Nino Niederreiter. 6:48 of 2nd period - Deflect By Eeli Tolvanen. 6:48 of 2nd period - Shot Misses the Net. 7:28 of 2nd period - Shot by Timo Meier. 7:28 of 2nd period - Shot Misses the Net. 8:18 of 2nd period - Minor Penalty to Shayne Gostisbehere for Hooking. 8:19 of 2nd period - Leo Carlsson wins face-off versus Nic Dowd in EDMONTON ICE zone. 8:20 of 2nd period - Shot by Filip Hronek. 8:20 of 2nd period - Shot Misses the Net. 8:22 of 2nd period - Shot by Leo Carlsson. 8:22 of 2nd period - Stopped by Jordan Binnington with a rebound. 8:28 of 2nd period - Shot by Filip Hronek. 8:28 of 2nd period - Deflect By Alex Iafallo. 8:28 of 2nd period - Shot Misses the Net. 8:58 of 2nd period - Icing by Filip Hronek. 8:59 of 2nd period - Leo Carlsson wins face-off versus Ryan O'Reilly in REGINA FALCONS zone. 9:46 of 2nd period - Shot by William Eklund. 9:46 of 2nd period - Stopped by Jordan Binnington without a rebound. 9:47 of 2nd period - Nic Dowd wins face-off versus William Eklund in EDMONTON ICE zone. 9:55 of 2nd period - Icing by Juuso Valimaki. 9:56 of 2nd period - Ryan O'Reilly wins face-off versus William Eklund in REGINA FALCONS zone. 10:41 of 2nd period - Shot by Filip Hronek. 10:41 of 2nd period - Stopped by Jordan Binnington without a rebound. 10:42 of 2nd period - Anton Lundell wins face-off versus Viktor Arvidsson in EDMONTON ICE zone. 10:42 of 2nd period - Anton Lundell is hit by Alex Iafallo. 10:47 of 2nd period - Shayne Gostisbehere is hit by Juuso Valimaki and loses puck. 11:16 of 2nd period - Shot by Eeli Tolvanen. 11:16 of 2nd period - Deflect By Anton Lundell. 11:16 of 2nd period - Stopped by Elvis Merzlikins without a rebound. 11:17 of 2nd period - Ivan Demidov wins face-off versus Ryan O'Reilly in REGINA FALCONS zone. 11:21 of 2nd period - Icing by Filip Hronek. 11:22 of 2nd period - Ryan O'Reilly wins face-off versus Max Jones in REGINA FALCONS zone. 11:25 of 2nd period - Shot by Timo Meier. 11:25 of 2nd period - Shot Misses the Net. 12:06 of 2nd period - Icing by Filip Hronek. 12:07 of 2nd period - Jacob Gaucher wins face-off versus Jack Eichel in REGINA FALCONS zone. 12:20 of 2nd period - Icing by Filip Hronek. 12:21 of 2nd period - Anton Lundell wins face-off versus Jacob Gaucher in REGINA FALCONS zone. 12:30 of 2nd period - Shot by Anton Lundell. 12:30 of 2nd period - Deflect By Nino Niederreiter. 12:30 of 2nd period - Stopped by Elvis Merzlikins without a rebound. 12:31 of 2nd period - Viktor Arvidsson wins face-off versus Jack Eichel in REGINA FALCONS zone. 12:31 of 2nd period - Viktor Arvidsson is hit by Alex Tuch. 12:50 of 2nd period - Shot by Alex Tuch. 12:50 of 2nd period - Shot Misses the Net. 13:11 of 2nd period - Shot by Alex Tuch. 13:11 of 2nd period - Stopped by Elvis Merzlikins with a rebound. 13:13 of 2nd period - Shot by Conor Garland. 13:13 of 2nd period - Stopped by Elvis Merzlikins without a rebound. 13:14 of 2nd period - Ryan O'Reilly wins face-off versus William Eklund in REGINA FALCONS zone. 13:33 of 2nd period - Shot by Ryan O'Reilly. 13:33 of 2nd period - Shot Misses the Net. 13:35 of 2nd period - Shot by Ryan O'Reilly. 13:35 of 2nd period - Stopped by Elvis Merzlikins with a rebound. 13:43 of 2nd period - Shot by Ryan O'Reilly. 13:43 of 2nd period - Shot Hit the Post. 13:45 of 2nd period - Shot by Timo Meier. 13:45 of 2nd period - Shot Misses the Net. 13:48 of 2nd period - Ryan O'Reilly is hit by Jan Rutta and loses puck. 14:15 of 2nd period - Shot by Nino Niederreiter. 14:15 of 2nd period - Shot Misses the Net. 14:17 of 2nd period - Shot by Connor Clifton. 14:17 of 2nd period - Stopped by Elvis Merzlikins without a rebound. 14:18 of 2nd period - Jack Eichel wins face-off versus Jacob Gaucher in REGINA FALCONS zone. 14:18 of 2nd period - Alex Tuch is hit by Pierre-Olivier Joseph and loses puck. 14:30 of 2nd period - Minor Penalty to Juuso Valimaki for Holding. 14:31 of 2nd period - Jack Eichel wins face-off versus William Eklund in REGINA FALCONS zone. 14:46 of 2nd period - Shot by Jack Eichel. 14:46 of 2nd period - Goal by Jack Eichel - EDMONTON ICE : 2 - REGINA FALCONS : 0. 14:47 of 2nd period - Adam Fantilli wins face-off versus Anton Lundell in neutral zone. 14:47 of 2nd period - Adam Fantilli is hit by Eeli Tolvanen. 14:50 of 2nd period - Leo Carlsson is hit by Connor Clifton and loses puck. 14:56 of 2nd period - Off-side. 14:57 of 2nd period - Jack Eichel wins face-off versus Viktor Arvidsson in neutral zone. 15:12 of 2nd period - Shot by Alex Tuch. 15:12 of 2nd period - Shot Misses the Net. 15:16 of 2nd period - Shot by Jack Eichel. 15:16 of 2nd period - Stopped by Elvis Merzlikins without a rebound. 15:17 of 2nd period - Ryan O'Reilly wins face-off versus Adam Fantilli in REGINA FALCONS zone. 15:18 of 2nd period - Shot by Timo Meier. 15:18 of 2nd period - Shot Blocked by Adam Fantilli. 15:47 of 2nd period - Icing by Jack Roslovic. 15:48 of 2nd period - Adam Fantilli wins face-off versus Jack Eichel in REGINA FALCONS zone. 15:48 of 2nd period - Adam Fantilli is hit by Jack Eichel. 16:08 of 2nd period - Shot by Adam Fantilli. 16:08 of 2nd period - Shot Misses the Net. 16:33 of 2nd period - Minor Penalty to Darnell Nurse for Hooking. 16:34 of 2nd period - Ryan O'Reilly wins face-off versus William Eklund in EDMONTON ICE zone. 16:42 of 2nd period - Off-side. 16:43 of 2nd period - Ryan O'Reilly wins face-off versus Leo Carlsson in neutral zone. 16:55 of 2nd period - Icing by Alex Iafallo. 16:56 of 2nd period - Leo Carlsson wins face-off versus Ryan O'Reilly in REGINA FALCONS zone. 17:50 of 2nd period - Shot by Tanner Pearson. 17:50 of 2nd period - Stopped by Jordan Binnington with a rebound. 18:35 of 2nd period - Shot by Jack Eichel. 18:35 of 2nd period - Stopped by Elvis Merzlikins without a rebound. 18:36 of 2nd period - Jacob Gaucher wins face-off versus Jack Eichel in REGINA FALCONS zone. 18:36 of 2nd period - Filip Hronek is hit by Alex Tuch and loses puck. 18:58 of 2nd period - Shot by Jack Eichel. 18:58 of 2nd period - Shot Misses the Net. 19:36 of 2nd period - Shot by Ryan O'Reilly. 19:36 of 2nd period - Shot Blocked by Matt Kiersted. 19:42 of 2nd period - Shot by Adam Fantilli. 19:42 of 2nd period - Shot Misses the Net. 19:44 of 2nd period - Shot by Adam Fantilli. 19:44 of 2nd period - Shot Misses the Net. 19:51 of 2nd period - Leo Carlsson is hit by Cameron York and loses puck. Goals for this period are 2 for EDMONTON ICE vs 0 for REGINA FALCONS. Shots for this period are 14 for EDMONTON ICE vs 4 for REGINA FALCONS. 3rd period0:01 of 3rd period - Ryan O'Reilly wins face-off versus William Eklund in neutral zone. 0:04 of 3rd period - Shot by Timo Meier. 0:04 of 3rd period - Stopped by Elvis Merzlikins without a rebound. 0:05 of 3rd period - Evgeny Dadonov wins face-off versus Viktor Arvidsson in REGINA FALCONS zone. 0:05 of 3rd period - Evgeny Dadonov is hit by Ryker Evans. 0:18 of 3rd period - Filip Hronek is hit by Darnell Nurse and loses puck. 0:23 of 3rd period - Shot by Alex Iafallo. 0:23 of 3rd period - Deflect By Viktor Arvidsson. 0:23 of 3rd period - Stopped by Jordan Binnington without a rebound. 0:24 of 3rd period - Jack Eichel wins face-off versus William Eklund in EDMONTON ICE zone. 0:30 of 3rd period - Andre Burakovsky is hit by Cameron York and loses puck. 0:54 of 3rd period - Shot by Alex Tuch. 0:54 of 3rd period - Shot Blocked by Juuso Valimaki. 1:06 of 3rd period - Shot by Conor Garland. 1:06 of 3rd period - Stopped by Elvis Merzlikins without a rebound. 1:07 of 3rd period - Ryan O'Reilly wins face-off versus Viktor Arvidsson in REGINA FALCONS zone. 1:34 of 3rd period - Shot by Viktor Arvidsson. 1:34 of 3rd period - Deflect By Tanner Pearson. 1:34 of 3rd period - Stopped by Jordan Binnington without a rebound. 1:35 of 3rd period - Nino Niederreiter wins face-off versus Adam Fantilli in EDMONTON ICE zone. 1:35 of 3rd period - Nino Niederreiter is hit by Leo Carlsson. 1:45 of 3rd period - Shot by Eeli Tolvanen. 1:45 of 3rd period - Deflect By Anton Lundell. 1:45 of 3rd period - Goal by Anton Lundell - EDMONTON ICE : 3 - REGINA FALCONS : 0. 1:46 of 3rd period - Jack Eichel wins face-off versus Jacob Gaucher in neutral zone. 3:02 of 3rd period - Shot by Ryan O'Reilly. 3:02 of 3rd period - Stopped by Elvis Merzlikins without a rebound. 3:03 of 3rd period - Anton Lundell wins face-off versus Viktor Arvidsson in REGINA FALCONS zone. 3:04 of 3rd period - Shot by Eeli Tolvanen. 3:04 of 3rd period - Stopped by Elvis Merzlikins without a rebound. 3:05 of 3rd period - Anton Lundell wins face-off versus Tanner Pearson in REGINA FALCONS zone. 3:05 of 3rd period - Darnell Nurse is hit by Matt Kiersted and loses puck. 3:09 of 3rd period - Anton Lundell is hit by Jan Rutta and loses puck. 3:12 of 3rd period - Shot by Anton Lundell. 3:12 of 3rd period - Shot Misses the Net. 3:21 of 3rd period - Minor Penalty to Jan Rutta for Interference. 3:21 of 3rd period - Minor Penalty to Eeli Tolvanen for Hooking. 3:22 of 3rd period - Jack Eichel wins face-off versus William Eklund in REGINA FALCONS zone. 3:25 of 3rd period - Shot by Alex Tuch. 3:25 of 3rd period - Stopped by Elvis Merzlikins with a rebound. 3:27 of 3rd period - Shot by Alex Tuch. 3:27 of 3rd period - Stopped by Elvis Merzlikins without a rebound. 3:28 of 3rd period - Jack Eichel wins face-off versus Alex Iafallo in REGINA FALCONS zone. 3:33 of 3rd period - Shot by Alex Tuch. 3:33 of 3rd period - Stopped by Elvis Merzlikins without a rebound. 3:34 of 3rd period - William Eklund wins face-off versus Jack Eichel in REGINA FALCONS zone. 3:43 of 3rd period - Shot by Alex Tuch. 3:43 of 3rd period - Shot Blocked by William Eklund. 3:45 of 3rd period - Shot by Jack Eichel. 3:45 of 3rd period - Shot Blocked by William Eklund. 3:47 of 3rd period - Shot by Shayne Gostisbehere. 3:47 of 3rd period - Goal by Shayne Gostisbehere - EDMONTON ICE : 4 - REGINA FALCONS : 0. 3:48 of 3rd period - Jack Eichel wins face-off versus Alex Iafallo in neutral zone. 3:59 of 3rd period - Shot by Alex Tuch. 3:59 of 3rd period - Stopped by Elvis Merzlikins without a rebound. 4:00 of 3rd period - Jack Eichel wins face-off versus William Eklund in REGINA FALCONS zone. 4:23 of 3rd period - Shot by Jack Eichel. 4:23 of 3rd period - Shot Misses the Net. 4:25 of 3rd period - Shot by Alex Tuch. 4:25 of 3rd period - Deflect By Jack Eichel. 4:25 of 3rd period - Goal by Jack Eichel - EDMONTON ICE : 5 - REGINA FALCONS : 0. 4:26 of 3rd period - Anton Lundell wins face-off versus Alex Iafallo in neutral zone. 4:35 of 3rd period - Shot by Anton Lundell. 4:35 of 3rd period - Stopped by Elvis Merzlikins without a rebound. 4:36 of 3rd period - Jack Eichel wins face-off versus Alex Iafallo in REGINA FALCONS zone. 4:37 of 3rd period - Shot by Alex Tuch. 4:37 of 3rd period - Shot Misses the Net. 4:50 of 3rd period - Shot by Nils Hoglander. 4:50 of 3rd period - Stopped by Jordan Binnington without a rebound. 4:51 of 3rd period - Alex Tuch wins face-off versus William Eklund in EDMONTON ICE zone. 4:58 of 3rd period - Shot by Jack Eichel. 4:58 of 3rd period - Deflect By Alex Tuch. 4:58 of 3rd period - Stopped by Elvis Merzlikins without a rebound. 4:59 of 3rd period - Jack Eichel wins face-off versus Alex Iafallo in REGINA FALCONS zone. 5:00 of 3rd period - Shot by Alex Tuch. 5:00 of 3rd period - Shot Blocked by Ryker Evans. 5:29 of 3rd period - Shot by Leo Carlsson. 5:29 of 3rd period - Stopped by Jordan Binnington without a rebound. 5:30 of 3rd period - Anton Lundell wins face-off versus Adam Fantilli in EDMONTON ICE zone. 6:07 of 3rd period - Shot by Anton Lundell. 6:07 of 3rd period - Deflect By Nino Niederreiter. 6:07 of 3rd period - Stopped by Elvis Merzlikins without a rebound. 6:08 of 3rd period - Ryan O'Reilly wins face-off versus William Eklund in REGINA FALCONS zone. 6:38 of 3rd period - Icing by Filip Hronek. 6:39 of 3rd period - Jack Eichel wins face-off versus William Eklund in REGINA FALCONS zone. 6:40 of 3rd period - Shot by Alex Tuch. 6:40 of 3rd period - Stopped by Elvis Merzlikins without a rebound. 6:41 of 3rd period - Viktor Arvidsson wins face-off versus Jack Eichel in REGINA FALCONS zone. 6:53 of 3rd period - Icing by Cameron York. 6:54 of 3rd period - Jack Eichel wins face-off versus Adam Fantilli in EDMONTON ICE zone. 7:03 of 3rd period - Shot by Alex Tuch. 7:03 of 3rd period - Stopped by Elvis Merzlikins without a rebound. 7:04 of 3rd period - Ryan O'Reilly wins face-off versus Viktor Arvidsson in REGINA FALCONS zone. 7:23 of 3rd period - Shot by Ryan O'Reilly. 7:23 of 3rd period - Goal by Ryan O'Reilly - EDMONTON ICE : 6 - REGINA FALCONS : 0. 7:24 of 3rd period - Jack Eichel wins face-off versus William Eklund in neutral zone. 7:31 of 3rd period - Shot by Alex Tuch. 7:31 of 3rd period - Goal by Alex Tuch - EDMONTON ICE : 7 - REGINA FALCONS : 0. 7:31 of 3rd period - Chris Driedger enters game. 7:32 of 3rd period - Ryan O'Reilly wins face-off versus Nils Hoglander in neutral zone. 9:11 of 3rd period - Jack Eichel is hit by Pierre-Olivier Joseph and loses puck. 10:33 of 3rd period - Shot by Timo Meier. 10:33 of 3rd period - Stopped by Chris Driedger without a rebound. 10:34 of 3rd period - William Eklund wins face-off versus Jack Eichel in REGINA FALCONS zone. 10:47 of 3rd period - Shot by Andre Burakovsky. 10:47 of 3rd period - Shot Blocked by Cameron York. 10:49 of 3rd period - Shot by Andre Burakovsky. 10:49 of 3rd period - Stopped by Jordan Binnington with a rebound. 10:51 of 3rd period - Shot by William Eklund. 10:51 of 3rd period - Shot Blocked by Jonas Brodin. 10:55 of 3rd period - Shot by William Eklund. 10:55 of 3rd period - Stopped by Jordan Binnington with a rebound. 12:31 of 3rd period - Icing by Matt Kiersted. 12:32 of 3rd period - Adam Fantilli wins face-off versus Anton Lundell in REGINA FALCONS zone. 12:36 of 3rd period - Icing by Adam Fantilli. 12:37 of 3rd period - Anton Lundell wins face-off versus Adam Fantilli in REGINA FALCONS zone. 12:52 of 3rd period - Shot by Adam Fantilli. 12:52 of 3rd period - Shot Misses the Net. 13:02 of 3rd period - Shot by Anton Lundell. 13:02 of 3rd period - Stopped by Chris Driedger without a rebound. 13:03 of 3rd period - Nic Dowd wins face-off versus William Eklund in REGINA FALCONS zone. 13:04 of 3rd period - Shot by Timo Meier. 13:04 of 3rd period - Goal by Timo Meier - EDMONTON ICE : 8 - REGINA FALCONS : 0. 13:05 of 3rd period - Ryan O'Reilly wins face-off versus William Eklund in neutral zone. 13:09 of 3rd period - Off-side. 13:10 of 3rd period - Ryan O'Reilly wins face-off versus Viktor Arvidsson in neutral zone. 13:21 of 3rd period - Shot by Ryan O'Reilly. 13:21 of 3rd period - Shot Blocked by Alex Iafallo. 13:36 of 3rd period - Shot by Ryan O'Reilly. 13:36 of 3rd period - Shot Blocked by Ryker Evans. 13:38 of 3rd period - Shot by Timo Meier. 13:38 of 3rd period - Shot Misses the Net. 13:40 of 3rd period - Shot by Darnell Nurse. 13:40 of 3rd period - Shot Misses the Net. 13:42 of 3rd period - Shot by Ryan O'Reilly. 13:42 of 3rd period - Shot Misses the Net. 14:03 of 3rd period - Filip Hronek is hit by Cameron York and loses puck. 14:10 of 3rd period - Shot by Alex Tuch. 14:10 of 3rd period - Shot Blocked by Filip Hronek. 14:59 of 3rd period - Shot by Nino Niederreiter. 14:59 of 3rd period - Shot Misses the Net. 15:05 of 3rd period - Shot by Eeli Tolvanen. 15:05 of 3rd period - Stopped by Chris Driedger without a rebound. 15:06 of 3rd period - Nic Dowd wins face-off versus William Eklund in REGINA FALCONS zone. 15:09 of 3rd period - Shot by Timo Meier. 15:09 of 3rd period - Stopped by Chris Driedger without a rebound. 15:10 of 3rd period - William Eklund wins face-off versus Anton Lundell in REGINA FALCONS zone. 15:15 of 3rd period - Shot by Andre Burakovsky. 15:15 of 3rd period - Shot Misses the Net. 15:19 of 3rd period - Shot by Nils Hoglander. 15:19 of 3rd period - Stopped by Jordan Binnington without a rebound. 15:20 of 3rd period - Adam Fantilli wins face-off versus Evgeny Dadonov in EDMONTON ICE zone. 15:24 of 3rd period - Icing by Shayne Gostisbehere. 15:25 of 3rd period - William Eklund wins face-off versus Ryan O'Reilly in EDMONTON ICE zone. 15:41 of 3rd period - Darnell Nurse is hit by Nils Hoglander and loses puck. 16:33 of 3rd period - Off-side. 16:34 of 3rd period - Anton Lundell wins face-off versus Adam Fantilli in neutral zone. 16:34 of 3rd period - Eeli Tolvanen is hit by Adam Fantilli and loses puck. 18:04 of 3rd period - Off-side. 18:05 of 3rd period - Viktor Arvidsson wins face-off versus Ryan O'Reilly in neutral zone. 18:05 of 3rd period - Alex Iafallo is hit by Timo Meier and loses puck. 18:19 of 3rd period - Tanner Pearson is hit by Darnell Nurse and loses puck. 18:22 of 3rd period - Shot by Viktor Arvidsson. 18:22 of 3rd period - Stopped by Jordan Binnington with a rebound. 18:24 of 3rd period - Shot by Alex Iafallo. 18:24 of 3rd period - Deflect By Tanner Pearson. 18:24 of 3rd period - Shot Misses the Net. 18:26 of 3rd period - Shot by Tanner Pearson. 18:26 of 3rd period - Deflect By Viktor Arvidsson. 18:26 of 3rd period - Shot Misses the Net. 18:31 of 3rd period - Alex Iafallo is hit by Darnell Nurse and loses puck. 18:32 of 3rd period - Minor Penalty to Darnell Nurse for High sticking. 18:33 of 3rd period - Leo Carlsson wins face-off versus Ryan O'Reilly in EDMONTON ICE zone. Goals for this period are 6 for EDMONTON ICE vs 0 for REGINA FALCONS. Shots for this period are 23 for EDMONTON ICE vs 8 for REGINA FALCONS. Back to the Top |
![]() |
![]() |
![]() |
MATTHEW TKACHUK |
TOM WILSON |
JAKE GUENTZEL |